 Dungeon Crawl Stone Soup version bcrawl-1.38.3 (webtiles) character file.

Game seed: 9693490662571971110

133384 Corvidia the Ruffian (level 3, -1/31 HPs)
             Began as a Naga Transmuter on May 12, 2023.
             Slain by a worm (7 damage)
             ... on level 1 of the Dungeon.
             The game lasted 00:02:03 (814 turns).

Corvidia the Ruffian (Naga Transmuter)               Turns: 814, Time: 00:02:03

Health: -1/31      AC:  3    Str: 12    XL:     3   Next: 37%
Magic:  6/6        EV: 10    Int: 14    God:
Gold:   53         SH:  0    Dex: 11    Spells: 3/6 levels left

rFire    . . .     GDR:     23%   - Fists (6.7)
rCold    . . .     SeeInvis +   (no shield)
rNeg     . . .     Gourm    .   b - +0 robe
rPois    +         Faith    .   (no helmet)
rElec    .         Spirit   .   (no cloak)
rCorr    .         Reflect  .   f - +0 pair of gloves
MR       .....                  (no barding)
Stlth    +.........             (no amulet)
HPRegen  0.15/turn              (no ring)
MPRegen  0.10/turn              (no ring)

@: very slow
A: large, tail, swims, see invisible, deformed body, poison resistance, slowness
2, slow metabolism 1, spit poison 1, AC +1
a: Spit Poison


You were on level 1 of the Dungeon.
You were hungry.

You visited 1 branch of the dungeon, and saw 2 of its levels.

You collected 53 gold pieces.

Inventory:

Missiles
 a - 120 arrows
Armour
 b - a +0 robe (worn)
 f - a +0 pair of gloves (worn)
Jewellery
 g - an uncursed ring of ice {unknown}
Scrolls
 h - a scroll of remove curse {unknown}
 i - 4 scrolls of identify
 j - a scroll of amnesia {unknown}
 l - a scroll of teleportation {unknown}
 m - a scroll of immolation {unknown}
Potions
 d - a potion of lignification
 k - 2 potions of berserk rage {unknown}
Comestibles
 e - 4 rations {!d}


   Skills:
 - Level 1.0 Fighting
 + Level 2.0 Dodging
 + Level 3.3 Unarmed Combat
 - Level 2.0 Spellcasting
 * Level 3.0 Transmutations


You had 3 spell levels left.
You knew the following spells:

 Your Spells              Type           Power        Failure   Level  Hunger
a - Beastly Appendage     Tmut           #.....       7%          1    None
b - Sticks to Snakes      Tmut           #.......     11%         2    ##.....

Your spell library contained the following spells:

 Spells                   Type           Power        Failure   Level  Hunger
 Passwall                 Tmut/Erth      #.......     19%         2    ##.....
 Spider Form              Tmut/Pois      #..          36%         3    ####...
 Ice Form                 Ice/Tmut       #.......     77%         4    ######.
 Blade Hands              Tmut           #.........   88%         5    #######


Dungeon Overview and Level Annotations

Branches:
Dungeon (2/12)

Altars:

Annotations:
D:2 Robin


Innate Abilities, Weirdness & Mutations

You cannot wear boots.
You can swim through water.
Your serpentine skin is tough. (AC +1)
You have supernaturally acute eyesight. (SInv)
Armour fits poorly on your strangely shaped body.
Your system is resistant to poisons. (rPois)
You cover ground very slowly.
You have a slow metabolism.
You can spit poison.


Message History

You kill the hobgoblin!
The worm bites you.
Your Transmutations skill increases to level 3!
You hit the worm but do no damage. You hit the worm.
The worm is moderately wounded.
The worm bites you.
You hit the worm.
The worm is moderately wounded.
The worm bites you!
You hit the worm.
The worm is heavily wounded.
You hit the worm.
The worm is heavily wounded.
The worm bites you!
* * * LOW HITPOINT WARNING * * *
You punch the worm! You punch the worm.
The worm is almost dead.
The worm bites you!
You die...

####.........................#
#. .#
#.........................# #.
.###.............#...........#
##
.##..........................#
....#....(.##.##.#...........#
.####...##.##.##.....#..######
.#
#...##)##....#...##.########
.#
#...##.###.†)##.###÷)......#
.#
#[..##......@##...#........#
.#
######.#...w.####..........#
.# #######.#.....#
####.......# ##
#.........##### #.......#
#.........# #########
#.........# ###########


You could see a worm.

Vanquished Creatures
  A worm (D:1)
  2 bats (D:1)
  2 giant cockroaches (D:1)
  8 goblins
  9 hobgoblins
  A quokka (D:1)
  2 frilled lizards (D:1)
  2 kobolds (D:1)
  A rat (D:1)
28 creatures vanquished.

Notes
Turn   | Place    | Note
-------+----------+-------------------------------------------
     0 | D:1      | Corvidia the Naga Transmuter began the quest for the Orb.
     0 | D:1      | Reached XP level 1. HP: 18/18 MP: 3/3
   115 | D:1      | Reached XP level 2. HP: 25/25 MP: 5/5
   152 | D:1      | Learned a level 2 spell: Sticks to Snakes
   657 | D:2      | Noticed Robin
   666 | D:2      | Reached XP level 3. HP: 31/31 MP: 4/6
   814 | D:1      | Slain by a worm

Skill      XL: |  1  2  3 |
---------------+----------+-----
Dodging        | 2 |  2.0
Transmutations | 3 |  3.0
Fighting       | |  1.0
Unarmed Combat | |  3.3
Spellcasting   | |  2.0

Action                   || total
-------------------------++-------
Melee: Unarmed           ||   118
       Headbutt          ||     4
       Punch             ||     2
 Cast: Beastly Appendage ||     2
 Abil: Spit Poison       ||     1
  Eat: Chunk             ||     1
Armor: Robe              ||    26
Dodge: Dodged            ||    66
